 Dungeon Sprint DCSS version 0.15-a0-1206-g3bad1a6 (webtiles) character file.

7700000 Infinimo the Centaur Ballista (level 25, -17/257 HPs)
             Began as a Centaur Gladiator on June 1, 2014.
             Was the Champion of Makhleb.
             Demolished by The Servant
             ... wielding a +9,+9 glaive of flaming
              (50 damage)
             ... in the Dungeon (Sprint VIII: "Arena of Blood").
             The game lasted 00:02:46 (77 turns).

Infinimo the Centaur Ballista (Centaur Gladiator)     Turns: 77, Time: 00:02:46

HP -17/257       AC 10     Str 20      XL: 25   Next: 21%
MP  23/48        EV 32     Int  7      God: Makhleb [******]
Gold 0           SH  0     Dex 20      Spells:  0 memorised, 78 levels left

rFire  . . .     SeeInvis .     l - +∞ Axe of Woe
rCold  . . .     Clarity  .     b - +0 leather armour
rNeg   . . .     rCorr    .     (no shield)
rPois  .         rRot     .     c - +0 helmet
rElec  .         Spirit   .     (no cloak)
SustAb .         Warding  .     (no gloves)
rMut   .         NoTele   +     (no barding)
Gourm  .                        (no amulet)
MR     +....                    (no ring)
                                (no ring)

@: very quick, somewhat resistant to hostile enchantments, very stealthy
A: hooves 3, deformed body, speed 2, tough skin 3
a: Minor Destruction, Lesser Servant of Makhleb, Major Destruction, Greater
Servant of Makhleb, Renounce Religion


You were in the Dungeon.
You worshipped Makhleb.
Makhleb was exalted by your worship.
You were not hungry.

You visited 1 branch

Inventory:

Hand weapons
 a - a +0,+0 war axe
 l - the +∞,+∞ Axe of Woe (weapon)
   (You found it in the Dungeon)
Missiles
 d - 3 throwing nets (quivered)
Armour
 b - a +0 leather armour (worn)
 c - a +0 helmet (worn)
Comestibles
 f - a bread ration
Scrolls
 k - a scroll of blinking
Potions
 e - a potion of curing
 g - a potion of heal wounds
 h - a potion of haste
 i - 2 potions of magic
 j - a potion of berserk rage


   Skills:
 O Level 27 Fighting
 O Level 27 Axes
 O Level 27 Throwing
 O Level 27 Armour
 O Level 27 Dodging
 O Level 27 Stealth
 O Level 27 Unarmed Combat
 O Level 27 Spellcasting
 O Level 27 Invocations


You had 78 spell levels left.
You didn't know any spells.

Dungeon Overview and Level Annotations

Branches:
Dungeon (1/1)

Altars:
Makhleb

Annotations:
D The Servant


Innate Abilities, Weirdness & Mutations

You have hooves in place of feet.
Armour fits poorly on your strangely shaped body.
You cover ground very quickly.
You have extremely tough skin (AC +3).


Message History

You hear a shout! x7
The Servant hits you from afar with a +9,+9 glaive of flaming!!!!
The Servant burns you!!
You hear a shout!
The meat berserker rages.
You hear a shout! x2
The meat berserker rages.
You hear a shout!
An ogre and a wraith come into view.
You hew the bag of meat savagely.
You kill the bag of meat!
Makhleb accepts your kill.
You feel a little better.
You hear a shout! x5
The meat berserker rages.
You hear a shout! x4
The Servant hits you from afar with a +9,+9 glaive of flaming!!!!
* * * LOW HITPOINT WARNING * * *
The Servant burns you!!!
You die...

...............
#...............
..#.oL...........
......§..........
.......§)))).......
......#)O.)...#..
.#... #V))....#
......###O)§....###.
.....2.)@)O###......
...#...)).O._.W....
#....@..#.....#..
........#_.<._#.
#......O#.....#
.#........_......
........###......
..###O.. ..###. .
#... ..#


You could see a meat beast, The Servant, a destroyer, a dread and 6 meat
berserkers.

Vanquished Creatures
  Sigmund (D)
  A greater mummy (D)
  5 hell beasts (D)
  A hill giant (D)
  2 liches (D)
  17 ogres (D)
  42 orcs (D)
  10 vampire knights (D)
  9 large abominations (D)
88 creatures vanquished.

Notes
Turn   | Place    | Note
--------------------------------------------------------------
     0 | D        | Infinimo, the Centaur Gladiator, began the quest for the Orb.
     0 | D        | Reached XP level 1. HP: 17/17 MP: 1/1
     4 | D        | Became a worshipper of Makhleb the Destroyer
     6 | D        | Noticed a bag of meat
     7 | D        | Noticed a bag of meat
    10 | D        | Noticed a bag of meat
    10 | D        | Noticed a bag of meat
    10 | D        | Noticed a bag of meat
    10 | D        | Noticed a bag of meat
    10 | D        | Noticed a bag of meat
    10 | D        | Noticed a meat berserker
    11 | D        | Noticed a bag of meat
    11 | D        | Noticed a bag of meat
    11 | D        | Noticed a bag of meat
    11 | D        | Noticed a bag of meat
    11 | D        | Noticed a bag of meat
    11 | D        | Noticed a bag of meat
    12 | D        | Noticed a bag of meat
    12 | D        | Noticed a bag of meat
    13 | D        | Noticed a meat berserker
    13 | D        | Killed a bag of meat
    13 | D        | Reached skill level 14 in Fighting
    13 | D        | Reached skill level 17 in Throwing
    13 | D        | Reached XP level 2. HP: 20/46 MP: 2/2
    13 | D        | Reached XP level 3. HP: 22/52 MP: 3/3
    13 | D        | Reached XP level 4. HP: 25/60 MP: 3/3
    13 | D        | Reached XP level 5. HP: 27/67 MP: 4/4
    13 | D        | Reached XP level 6. HP: 29/74 MP: 5/5
    13 | D        | Reached XP level 7. HP: 31/81 MP: 5/5
    13 | D        | Reached XP level 8. HP: 34/89 MP: 6/6
    13 | D        | Reached XP level 9. HP: 36/95 MP: 7/7
    13 | D        | Reached XP level 10. HP: 39/103 MP: 7/7
    13 | D        | Reached XP level 11. HP: 41/110 MP: 8/8
    14 | D        | Noticed a bag of meat
    14 | D        | Noticed a meat berserker
    14 | D        | Killed a meat berserker
    14 | D        | Acquired Makhleb's first power
    14 | D        | Reached skill level 15 in Axes
    14 | D        | Reached skill level 19 in Throwing
    14 | D        | Reached XP level 12. HP: 43/122 MP: 9/9
    15 | D        | Noticed a bag of meat
    15 | D        | Noticed a bag of meat
    15 | D        | Killed a bag of meat
    15 | D        | Reached skill level 21 in Throwing
    15 | D        | Reached XP level 13. HP: 28/132 MP: 9/9
    15 | D        | Killed a bag of meat
    15 | D        | Reached skill level 22 in Throwing
    15 | D        | Killed a bag of meat
    15 | D        | Acquired Makhleb's second power
    15 | D        | Reached skill level 23 in Throwing
    15 | D        | Reached skill level 15 in Dodging
    15 | D        | Reached XP level 14. HP: 29/146 MP: 10/10
    16 | D        | Noticed a meat berserker
    16 | D        | Killed a bag of meat
    16 | D        | Reached skill level 24 in Throwing
    16 | D        | Killed a meat berserker
    16 | D        | Reached skill level 25 in Throwing
    16 | D        | Reached XP level 15. HP: 155/157 MP: 11/11
    17 | D        | Noticed a bag of meat
    17 | D        | Noticed a bag of meat
    17 | D        | Noticed a bag of meat
    17 | D        | Killed a bag of meat
    17 | D        | Acquired Makhleb's third power
    17 | D        | Reached skill level 26 in Throwing
    17 | D        | Killed a bag of meat
    17 | D        | Reached skill level 27 in Throwing
    17 | D        | Killed a bag of meat
    17 | D        | Killed a bag of meat
    17 | D        | Acquired Makhleb's fourth power
    17 | D        | Reached XP level 16. HP: 169/173 MP: 11/11
    18 | D        | Noticed a bag of meat
    18 | D        | Noticed a bag of meat
    18 | D        | Noticed a bag of meat
    18 | D        | Killed a meat berserker
    18 | D        | Killed a bag of meat
    19 | D        | Noticed a bag of meat
    19 | D        | Noticed a meat berserker
    19 | D        | Killed a meat berserker
    19 | D        | Killed a bag of meat
    19 | D        | Acquired Makhleb's fifth power
    19 | D        | Reached XP level 17. HP: 187/190 MP: 12/12
    19 | D        | Killed a bag of meat
    19 | D        | Reached skill level 27 in Fighting
    20 | D        | Killed a bag of meat
    20 | D        | Killed a bag of meat
    20 | D        | Reached skill level 27 in Axes
    21 | D        | Noticed a destroyer
    21 | D        | Noticed a bag of meat
    23 | D        | Killed a bag of meat
    25 | D        | Noticed a bag of meat
    25 | D        | Killed a bag of meat
    25 | D        | Reached XP level 18. HP: 200/200 MP: 13/13
    25 | D        | Killed a meat berserker
    25 | D        | Reached skill level 27 in Dodging
    25 | D        | Killed a bag of meat
    25 | D        | Reached skill level 10 in Armour
    25 | D        | Killed a destroyer
    26 | D        | Noticed a bag of meat
    26 | D        | Killed a bag of meat
    27 | D        | Killed a bag of meat
    27 | D        | Killed a bag of meat
    27 | D        | Reached XP level 19. HP: 207/207 MP: 13/13
    28 | D        | Killed a bag of meat
    29 | D        | Noticed a bag of meat
    29 | D        | Killed a bag of meat
    29 | D        | Killed a bag of meat
    30 | D        | Noticed a destroyer
    30 | D        | Killed a bag of meat
    30 | D        | Killed a bag of meat
    30 | D        | Reached skill level 27 in Armour
    31 | D        | Noticed a bag of meat
    32 | D        | Noticed a bag of meat
    32 | D        | Killed a bag of meat
    32 | D        | Reached skill level 5 in Stealth
    32 | D        | Reached skill level 5 in Spellcasting
    32 | D        | Reached XP level 20. HP: 216/216 MP: 13/29
    33 | D        | Noticed a destroyer
    33 | D        | Killed a bag of meat
    33 | D        | Reached skill level 10 in Unarmed Combat
    33 | D        | Killed a bag of meat
    34 | D        | Noticed a large bag of meat
    34 | D        | Killed a destroyer
    34 | D        | Reached skill level 10 in Stealth
    34 | D        | Reached skill level 10 in Spellcasting
    35 | D        | Noticed a destroyer
    35 | D        | Noticed a meat berserker
    36 | D        | Noticed a meat berserker
    37 | D        | Killed a bag of meat
    37 | D        | Reached skill level 15 in Invocations
    38 | D        | Noticed a bag of meat
    39 | D        | Killed a meat berserker
    39 | D        | Reached skill level 15 in Unarmed Combat
    39 | D        | Killed a bag of meat
    39 | D        | Killed a bag of meat
    39 | D        | Reached XP level 21. HP: 224/224 MP: 14/39
    40 | D        | Noticed a meat berserker
    40 | D        | Killed a meat berserker
    40 | D        | Reached skill level 15 in Stealth
    40 | D        | Killed a large bag of meat
    40 | D        | Reached skill level 15 in Spellcasting
    41 | D        | Noticed a meat berserker
    42 | D        | Noticed a destroyer
    42 | D        | Killed a destroyer
    43 | D        | Noticed a destroyer
    43 | D        | Noticed a destroyer
    44 | D        | Noticed a bag of meat
    44 | D        | Killed a destroyer
    45 | D        | Noticed a bag of meat
    45 | D        | Killed a meat berserker
    46 | D        | Noticed a bag of meat
    46 | D        | Killed a meat berserker
    47 | D        | Noticed a destroyer
    47 | D        | Killed a destroyer
    48 | D        | Killed a bag of meat
    48 | D        | Killed a destroyer
    48 | D        | Reached XP level 22. HP: 233/233 MP: 16/43
    49 | D        | Noticed a bag of meat
    50 | D        | Killed a bag of meat
    50 | D        | Killed a destroyer
    51 | D        | Noticed a meat berserker
    51 | D        | Killed a bag of meat
    51 | D        | Reached skill level 27 in Invocations
    53 | D        | Noticed a meat berserker
    53 | D        | Killed a bag of meat
    53 | D        | Killed a bag of meat
    54 | D        | Killed a meat berserker
    54 | D        | Reached skill level 27 in Unarmed Combat
    55 | D        | Noticed a tyrant
    55 | D        | Noticed a meat berserker
    55 | D        | Noticed a bag of meat
    56 | D        | Noticed a meat berserker
    56 | D        | Noticed an accursed
    57 | D        | Noticed a tyrant
    58 | D        | Noticed a destroyer
    58 | D        | Noticed a tyrant
    58 | D        | Killed a destroyer
    59 | D        | Noticed a meat beast
    59 | D        | Noticed a meat beast
    59 | D        | Killed a meat berserker
    59 | D        | Killed a meat berserker
    59 | D        | Reached XP level 23. HP: 240/240 MP: 18/46
    59 | D        | Killed a meat berserker
    60 | D        | Noticed The Captor
    61 | D        | Noticed a meat berserker
    61 | D        | Killed a bag of meat
    61 | D        | Killed a meat beast
    63 | D        | Noticed a bag of meat
    63 | D        | Noticed a meat beast
    63 | D        | Noticed a meat berserker
    63 | D        | Killed a meat beast
    64 | D        | Noticed a destroyer
    64 | D        | Noticed a meat berserker
    64 | D        | Noticed a bag of meat
    64 | D        | Killed a meat berserker
    64 | D        | Reached skill level 27 in Stealth
    64 | D        | Reached skill level 27 in Spellcasting
    65 | D        | Noticed The Servant
    65 | D        | Noticed a bag of meat
    65 | D        | Noticed a meat beast
    66 | D        | Noticed a bag of meat
    66 | D        | Killed an accursed
    67 | D        | Noticed a bag of meat
    67 | D        | Killed a meat berserker
    67 | D        | Killed The Captor
    67 | D        | Killed a meat beast
    68 | D        | Killed a meat beast
    68 | D        | Reached XP level 24. HP: 249/249 MP: 20/48
    69 | D        | Noticed a meat beast
    69 | D        | Killed a meat berserker
    69 | D        | Killed a tyrant
    70 | D        | Noticed a destroyer
    70 | D        | Killed a bag of meat
    71 | D        | Noticed a meat berserker
    71 | D        | Killed a tyrant
    71 | D        | Killed a destroyer
    73 | D        | Noticed a meat berserker
    73 | D        | Killed a meat beast
    73 | D        | Killed a bag of meat
    74 | D        | Noticed a meat beast
    74 | D        | Noticed a meat berserker
    74 | D        | Noticed a meat berserker
    74 | D        | Killed a bag of meat
    74 | D        | Killed a bag of meat
    74 | D        | Killed a meat berserker
    74 | D        | Reached XP level 25. HP: 257/257 MP: 22/48
    75 | D        | Noticed a meat berserker
    75 | D        | Noticed a bag of meat
    75 | D        | Killed a destroyer
    76 | D        | Noticed a meat berserker
    77 | D        | Noticed a dread
    77 | D        | Noticed a meat berserker
    77 | D        | Killed a bag of meat
    77 | D        | Demolished by The Servant

Action                   |  1- 3 |  4- 6 |  7- 9 | 10-12 | 13-15 | 16-18 | 19-21 | 22-24 | 25-27 || total
-------------------------+-------+-------+-------+-------+-------+-------+-------+-------+-------++-------
Melee: Executioner's axe |     1 |       |       |     2 |     2 |     7 |    15 |    18 |     2 ||    47
